 Dungeon Crawl Stone Soup version 0.17-a0-1262-gd250d98 (webtiles) character file.

98812 Xvorost the Warrior (level 15, -3/141 HPs)
             Began as a Minotaur Fighter on June 6, 2015.
             Was a High Priest of Okawaru.
             Slain by a large abomination (7 damage)
             ... on level 1 of the Abyss.
             The game lasted 02:15:51 (29706 turns).

Xvorost the Warrior (Minotaur Fighter)             Turns: 29706, Time: 02:15:52

Health: -3/141     AC: 30    Str: 23      XL:     15   Next: 75%
Magic:  13/13      EV: 17    Int:  6 (7)  God:    Okawaru [*****.]
Gold:   2026       SH: 15    Dex: 19      Spells: 0 memorised, 14 levels left

rFire  . . .     SeeInvis .     i - +9 broad axe "Lotwaola" {vamp, rPois}
rCold  . . .     Clarity  .     K - +1 crystal plate armour
rNeg   . . .     SustAt   .     c - +0 shield
rPois  +         Gourm    .     (helmet restricted)
rElec  .         Spirit   .     n - +0 cloak
rCorr  .         Warding  .     p - +1 pair of gloves
rMut   .         Stasis   .     C - +0 pair of boots
MR     ++...                    (no amulet)
Stlth  ..........               B - ring of protection from magic {MR+, !d}
                                t - +2 ring of intelligence

@: agile, very resistant to hostile enchantments, extremely unstealthy
A: retaliatory headbutt, horns 2, blurry vision 2, deterioration 2, low mp 2,
slow healing 1
a: Heroism, Finesse, Renounce Religion


You were on level 1 of the Abyss.
You worshipped Okawaru.
Okawaru was extremely pleased with you.
You were not hungry.

You visited 3 branches of the dungeon, and saw 25 of its levels.
You visited the Abyss 1 time.

You collected 2988 gold pieces.
You spent 962 gold pieces at shops.

Inventory:

Hand weapons
 i - the +9 broad axe "Lotwaola" (weapon) {vamp, rPois}
   (Okawaru gifted it to you on level 1 of the Lair of Beasts)

   It inflicts no extra harm, but heals its wielder somewhat when it strikes a
   living foe.
   It protects you from poison.
 j - a +2 spear of flaming
   (You bought it in a shop on level 8 of the Dungeon)
 A - a +5 battleaxe of chopping
   (You bought it in a shop on level 8 of the Dungeon)
Armour
 c - a +0 shield (worn)
 n - a +0 cloak (worn)
   (You found it on level 1 of the Dungeon)
 p - a +1 pair of gloves (worn)
   (You found it on level 8 of the Dungeon)
 C - a +0 pair of boots (worn)
   (You found it on level 3 of the Dungeon)
 F - a +2 robe of cold resistance
   (You took it off Fannar on level 10 of the Dungeon)
 K - a +1 crystal plate armour (worn)
   (Okawaru gifted it to you on level 7 of the Lair of Beasts)
Jewellery
 f - an uncursed ring of protection from cold {rC+, !d}
   (You found it on level 1 of the Abyss)
 t - a +2 ring of intelligence (left hand)
   (You found it on level 2 of the Dungeon)
 y - an uncursed ring of ice {rC+, rF-}
   (You took it off Fannar on level 10 of the Dungeon)
 B - a ring of protection from magic (right hand) {MR+, !d}
   (You took it off an orc warrior on level 8 of the Dungeon)
Magical devices
 g - a wand of lightning (8)
   (You found it on level 12 of the Dungeon)
 v - a wand of slowing (22)
   (You found it on level 12 of the Dungeon)
 x - a wand of magic darts (27)
   (You found it on level 12 of the Dungeon)
 I - a wand of slowing (44)
   (You found it on level 6 of the Lair of Beasts)
 L - a wand of confusion (17)
   (You found it on level 9 of the Dungeon)
 N - a wand of draining (10)
   (You found it on level 8 of the Lair of Beasts)
 R - a wand of teleportation (1)
   (You found it on level 2 of the Lair of Beasts)
 S - a wand of draining (10)
   (You found it on level 13 of the Dungeon)
 T - a wand of digging (9)
   (You found it on level 11 of the Dungeon)
 U - a wand of digging (4)
   (You found it on level 8 of the Lair of Beasts)
Scrolls
 k - 2 scrolls of acquirement
 q - 4 scrolls of remove curse
 u - 2 scrolls of magic mapping {!r}
 z - a scroll of silence
 D - a scroll of amnesia
 M - 3 scrolls of blinking {!r}
 P - 2 scrolls of fog
 V - a scroll of vulnerability {!r!r}
 W - 4 scrolls of fear
 X - 3 scrolls of immolation {!r}
 Y - a scroll of enchant weapon
 Z - a scroll of recharging
Potions
 a - 3 potions of berserk rage {!q}
 b - a potion of degeneration {!q}
 d - 2 potions of brilliance
 h - a potion of agility
 l - a potion of cure mutation {!q}
 m - 2 potions of haste
 o - 5 potions of flight
 s - 8 potions of lignification {!q}
 G - 3 potions of curing
 H - a potion of ambrosia {!q}
 O - 3 potions of might
 Q - a potion of invisibility
Books
 w - a book of Air
   (You found it on level 12 of the Dungeon)
Comestibles
 e - 7 bread rations {@e1}
 r - 6 meat rations {@e2}


   Skills:
 + Level 15.3 Fighting
 + Level 15.0 Axes
 + Level 14.9 Armour
 + Level 13.4 Dodging
 + Level 14.8 Shields
 - Level 4.4 Invocations


You had 14 spell levels left.
You didn't know any spells.

Dungeon Overview and Level Annotations

Branches:
Dungeon (13/15)            Temple (0/1) D:6            Lair (8/8) D:9
 Shoals (0/4) Lair:4        Snake (0/4) Lair:4        Slime (0/6) Lair:6
    Orc (4/4) D:9             Elf (0/3) Orc:4
 Vaults: D:13-14

Altars:
Ashenzari
Dithmenos
Fedhas
Gozag
Kikubaaqudgha
Makhleb
Okawaru
Qazlal
Ru
Sif Muna
Trog
Vehumet
Xom
Yredelemnul
Beogh

Shops:
D:8 *(:((   Orc:2 (   Orc:4 (*(!

Annotations:
Lair:6 exclusion: 4 oklob plants


Innate Abilities, Weirdness & Mutations

You reflexively headbutt those who attack you in melee.
You have a pair of horns on your head.
[Scrolls take you longer to read.]
[Your body often deteriorates upon taking damage.]
[Your magical capacity is very low (-20% MP).]
[You heal slowly when monsters are visible.]


Message History

The starspawn tentacle constricts you.
You are too injured to fight recklessly!
You are too injured to fight recklessly!
You slash the blizzard demon!
You kill the blizzard demon!
Okawaru accepts your kill.
You feel the corruption within you wane somewhat.
You feel more energetic.
You feel stronger.
You feel stronger.
You feel robust.
You feel clever.
Your urge to shout disappears.
You slice the tentacled starspawn!!
You destroy the tentacled starspawn!
The starspawn tentacle loses its grip on you.
The starspawn's tentacles wither and die.
Your base Axes skill increases to level 15!
You feel the corruption within you wane somewhat.
Your body's shape seems more normal.
Your vision sharpens a little.
You feel agile.
Drink which item? (? for menu, Esc to quit)
You can't drink that!
Drink which item? (? for menu, Esc to quit)
Okay, then.
Unknown command.
You feel like a meek peon again.
There is an open door here.
There is an open door here.
A large abomination comes into view.
You regained 4 hp, and now have 50/126 hp.
MP restored: 13 You see here a leatherbound book.
The large abomination hits you.
You take 3 damage, and have 48/126 hp.
You are too injured to fight recklessly!
You are too injured to fight recklessly!
You are too injured to fight recklessly!
You slash the large abomination! The large abomination misses you.
You slash the large abomination!
You headbutt the large abomination, but do no damage.
You slash the large abomination! You headbutt the large abomination.
You block the large abomination's attack.
Your crystal plate armour prevents you from hitting the large abomination.
The large abomination hits you but does no damage.
You closely miss the large abomination.
The large abomination completely misses you.
You furiously retaliate!
You headbutt the large abomination!
You destroy the large abomination!
Okawaru accepts your kill.
You feel the corruption within you wane somewhat.
You feel agile.
You feel robust.
You start resting.
A large abomination comes into view.
You see here a leatherbound book.
A shadow comes into view.
You slash the large abomination!
You headbutt the large abomination, but do no damage.
You block the large abomination's attack.
The shadow moves out of view.
Your crystal plate armour prevents you from hitting the large abomination.
You headbutt the large abomination.
You block the large abomination's attack.
You barely miss the large abomination.
You block the large abomination's attack.
You slash the large abomination!
Your headbutt misses the large abomination.
You block the large abomination's attack.
You hit the large abomination.
You headbutt the large abomination, but do no damage.
The large abomination hits you.
You take 6 damage, and have 44/141 hp.
You completely miss the large abomination.
The large abomination hits you!!
* * * LOW HITPOINT WARNING * * *
You take 23 damage, and have 21/141 hp.
Drink which item? (? for menu, Esc to quit)
You feel agile all of a sudden. The large abomination hits you!
* * * LOW HITPOINT WARNING * * *
Your body deteriorates!
You feel dopey.
You take 17 damage, and have 4/141 hp.
Read which item? (? for menu, Esc to quit)
Really read
M - 3 scrolls of blinking {!r}? [Y]es or [N]o only, please.
Really read
M - 3 scrolls of blinking {!r}? [Y]es or [N]o only, please.
Really read
M - 3 scrolls of blinking {!r}?
Your blink will be uncontrolled - continue anyway? [Y]es or [N]o only, please.
Your blink will be uncontrolled - continue anyway? [Y]es or [N]o only, please.
Your blink will be uncontrolled - continue anyway? [Y]es or [N]o only, please.
Your blink will be uncontrolled - continue anyway?
Really read with blurry vision while enemies are nearby?
The large abomination misses you. You block the shadow's attack.
The large abomination closely misses you.
You furiously retaliate!
You headbutt the large abomination, but do no damage.
You begin reading the scroll.
You continue reading the scroll.
The shadow hits you. The large abomination hits you!
You die...

# . . . .#.
#####.####
#........# #.
#........#
#$##....XW..#
...'....@...+
###........#
###'#:#### #
# #.#........
# # #.#...
..#. # . #
.#... ##..
#..
.###'#######
##.# ........
# ...# .
......


You could see a large abomination and a shadow.

Vanquished Creatures
  3 tentacled starspawn (Abyss:1)
  Gastronok (Lair:2)
  2 very ugly things (Abyss:1)
  Nessos (Lair:8)
  A blizzard demon (Abyss:1)
  Snorg (Lair:8)
  An ettin (D:11)
  4 ogre magi (Orc:4)
  Fannar (D:10)
  6 hydras
  Harold (Lair:2)
  The ghost of RobertPalmer the Basher, an experienced OgCK of Xom (Lair:1)
  A centaur warrior (D:11)
  3 death yaks (Lair:8)
  A thrashing horror (Abyss:1)
  A tengu warrior (D:11)
  Nergalle (Lair:1)
  2 wretched stars (Abyss:1)
  A spatial maelstrom (Abyss:1)
  A skeletal warrior (D:11)
  2 hill giants
  2 unseen horrors
  Pikel (D:8)
  3 ugly things
  An oklob plant (Lair:5)
  4 griffons
  A sixfirhy (Abyss:1)
  2 cyclopes
  30 elephants
  2 sirens (Lair:4)
  A black mamba (Lair:6)
  19 spiny frogs
  12 komodo dragons
  3 fire drakes
  A tengu conjurer (D:11)
  2 ancient zymes (Abyss:1)
  9 trolls
  2 polar bears
  A harpy skeleton (Abyss:1)
  2 merfolk (Lair:4)
  29 blink frogs
  2 boulder beetles
  14 two-headed ogres (Orc:4)
  3 ynoxinuls (Abyss:1)
  40 yaks
  2 wraiths
  2 deep elf magi
  4 wyverns
  A spriggan (D:8)
  3 hungry ghosts
  12 hippogriffs
  2 fire bats (Abyss:1)
  6 vampire mosquitoes
  Grum (D:8)
  4 basilisks
  A neqoxec (Abyss:1)
  8 wargs
  Edmund (D:5)
  9 orc warriors
  18 wolves
  12 water moccasins
  4 ice beasts
  2 necrophages
  9 porcupines
  2 sky beasts
  3 phantoms
  A slave (D:8)
  A wasp (D:8)
  8 centaurs
  26 ogres
  9 crocodiles
  4 large abominations (Abyss:1)
  3 big kobolds
  31 giant frogs
  3 scorpions
  A wyvern skeleton (D:7)
  4 small abominations (Abyss:1)
  8 killer bees (D:11)
  2 centaur zombies (D:11)
  5 electric eels
  10 hounds
  3 giant frog skeletons
  10 crimson imps
  14 starcursed masses (Abyss:1)
  7 wights (D:9)
  The ghost of Chiseanne the Magician, a weakling SpTm (D:3)
  3 giant frog zombies
  4 jellies
  A gnoll shaman (D:5)
  2 hell rats (Lair:1)
  15 orc priests
  3 centaur skeletons
  9 iguanas
  28 orc wizards
  14 worker ants
  13 sheep
  A killer bee zombie (D:8)
  A hound zombie (D:11)
  A hound skeleton (D:11)
  2 worker ant zombies
  8 gnolls
  11 adders
  56 river rats
  2 shadow imps
  2 white imps (Abyss:1)
  6 oozes
  An adder skeleton (D:4)
  An adder zombie (D:5)
  5 worms
  4 giant geckos
  157 orcs
  A ball python (D:3)
  12 bats
  A bat zombie (D:6)
  28 hobgoblins
  17 jackals
  30 kobolds
  11 giant cockroaches
  5 giant newts
  22 goblins
  A goblin skeleton (D:7)
  A goblin zombie (D:7)
  A jackal skeleton (D:5)
  4 quokkas
  A quokka skeleton (D:4)
  21 rats
  A rat zombie (D:8)
  19 fungi
  6 plants
  4 starspawn tentacles (Abyss:1)
1015 creatures vanquished.

Vanquished Creatures (others)
  2 slaves (D:8)
  An iguana (Lair:1)
  4 orcs (D:7)
  A goblin (D:7)
  2 hobgoblins (D:7)
  2 kobolds (D:7)
  A rat zombie (D:8)
  42 fungi
  23 plants
  7 starspawn tentacles (Abyss:1)
  31 starspawn tentacle segments (Abyss:1)
116 creatures vanquished.

Grand Total: 1131 creatures vanquished

Notes
Turn   | Place    | Note
--------------------------------------------------------------
     0 | D:1      | Xvorost the Minotaur Fighter began the quest for the Orb.
     0 | D:1      | Reached XP level 1. HP: 19/19 MP: 0/0
   166 | D:1      | Reached XP level 2. HP: 27/27 MP: 1/1
   270 | D:1      | Reached skill level 4 in Armour
   367 | D:1      | Reached skill level 3 in Axes
   673 | D:1      | Reached XP level 3. HP: 29/33 MP: 2/2
   911 | D:2      | Reached skill level 4 in Shields
  1086 | D:2      | Reached skill level 4 in Fighting
  1173 | D:2      | Reached XP level 4. HP: 38/40 MP: 3/3
  1794 | D:3      | Reached skill level 1 in Dodging
  1825 | D:3      | Noticed Chiseanne's ghost (weakling SpTm)
  1836 | D:3      | Killed Chiseanne's ghost
  1862 | D:3      | Reached XP level 5. HP: 47/47 MP: 4/4
  2020 | D:3      | Found a shattered altar of Ashenzari.
  2262 | D:3      | Reached skill level 5 in Armour
  2524 | D:4      | Found an iron altar of Okawaru.
  2543 | D:4      | Reached skill level 2 in Dodging
  2547 | D:4      | Became a worshipper of Warmaster Okawaru
  2572 | D:4      | Reached skill level 4 in Axes
  2594 | D:4      | Found a sacrificial altar of Ru.
  2656 | D:4      | Found a stormy altar of Qazlal.
  2695 | D:4      | Reached XP level 6. HP: 50/53 MP: 5/5
  2883 | D:4      | Reached skill level 5 in Fighting
  2883 | D:4      | Reached skill level 5 in Shields
  2944 | D:4      | Noticed an ogre
  2951 | D:4      | Killed an ogre
  3124 | D:4      | Acquired Okawaru's first power
  3132 | D:4      | Found a deep blue altar of Sif Muna.
  3166 | D:5      | Entered Level 5 of the Dungeon
  3238 | D:5      | Reached skill level 3 in Dodging
  3238 | D:5      | Reached XP level 7. HP: 42/61 MP: 6/6
  3275 | D:5      | Reached skill level 5 in Axes
  3331 | D:5      | Found an ancient bone altar of Kikubaaqudgha.
  3421 | D:5      | Noticed a wraith
  3432 | D:5      | Reached skill level 6 in Armour
  3490 | D:5      | Killed a wraith
  3490 | D:5      | Reached skill level 6 in Fighting
  3490 | D:5      | Reached skill level 4 in Dodging
  3490 | D:5      | Reached XP level 8. HP: 45/70 MP: 7/7
  3742 | D:5      | Noticed Edmund
  3750 | D:5      | Killed Edmund
  3750 | D:5      | Reached skill level 6 in Shields
  3873 | D:5      | Reached skill level 6 in Axes
  4071 | D:6      | Reached skill level 7 in Armour
  4237 | D:6      | Found a radiant altar of Vehumet.
  4337 | D:6      | Reached skill level 5 in Dodging
  4389 | D:6      | Found a staircase to the Ecumenical Temple.
  4527 | D:6      | Reached skill level 7 in Fighting
  4545 | D:6      | Reached skill level 7 in Shields
  4774 | D:7      | Reached XP level 9. HP: 69/79 MP: 8/8
  4840 | D:7      | Reached skill level 7 in Axes
  4851 | D:7      | HP: 15/79 [orc priest/divine providence (11)]
  4861 | D:7      | HP: 8/79 [something (1)]
  5221 | D:7      | Found a runed door.
  5224 | D:7      | Found a basalt altar of Yredelemnul.
  5588 | D:7      | Found an opulent altar of Gozag.
  6049 | D:8      | Reached skill level 8 in Armour
  6055 | D:8      | Paralysed by a wasp for 1 turns
  6060 | D:8      | Paralysed by a wasp for 1 turns
  6101 | D:8      | Found Yfotaha's Weapon Emporium.
  6127 | D:8      | Found Naffuica's Book Shop.
  6128 | D:8      | Found Gobo's Antique Weapon Boutique.
  6140 | D:8      | Noticed Grum
  6156 | D:8      | Killed Grum
  6156 | D:8      | Reached skill level 8 in Fighting
  6156 | D:8      | Reached skill level 6 in Dodging
  6174 | D:8      | Bought a glowing battleaxe for 156 gold pieces
  6288 | D:8      | Reached skill level 8 in Shields
  6500 | D:8      | Noticed Pikel
  6509 | D:8      | Killed Pikel
  6509 | D:8      | Reached skill level 8 in Axes
  6547 | D:8      | Found Nawniepy's Assorted Antiques.
  6567 | D:8      | Noticed a moth of wrath
  6571 | D:8      | Found a bloodstained altar of Trog.
  6695 | D:8      | Found Lace's Antique Weapon Emporium.
  6754 | D:8      | Reached XP level 10. HP: 66/90 MP: 9/9
  7186 | D:9      | Noticed a hill giant
  7192 | D:9      | Reached skill level 9 in Armour
  7193 | D:9      | Killed a hill giant
  7193 | D:9      | Reached skill level 7 in Dodging
  7227 | D:9      | Found a shadowy altar of Dithmenos.
  7227 | D:9      | Found a shimmering altar of Xom.
  7228 | D:9      | Found a burning altar of Makhleb.
  7251 | D:9      | Reached skill level 9 in Fighting
  7255 | D:9      | Reached skill level 9 in Shields
  7273 | D:9      | Found a staircase to the Orcish Mines.
  7655 | D:9      | Found a staircase to the Lair.
  7673 | D:9      | Reached skill level 9 in Axes
  7719 | D:9      | Acquired Okawaru's second power
  8150 | D:9      | Reached skill level 8 in Dodging
  8358 | D:10     | Entered Level 10 of the Dungeon
  8717 | D:10     | Noticed Fannar
  8768 | D:10     | HP: 16/92 [Fannar/bolt of cold (23)]
  9092 | D:10     | Reached XP level 11. HP: 91/99 MP: 10/10
  9402 | D:10     | Reached skill level 10 in Armour
 10062 | D:10     | Noticed a four-headed hydra
 10130 | Lair:1   | Entered Level 1 of the Lair of Beasts
 10272 | Lair:1   | Reached skill level 10 in Shields
 10280 | Lair:1   | Reached skill level 10 in Fighting
 10411 | Lair:1   | Received a gift from Okawaru
 10422 | Lair:1   | Reached skill level 10 in Axes
 10445 | Lair:1   | Received a gift from Okawaru
 10634 | Lair:1   | Noticed Nergalle
 10685 | Lair:1   | Noticed a spectral orc warlord
 10696 | Lair:1   | Killed Nergalle
 11002 | Lair:1   | Noticed RobertPalmer's ghost (experienced OgCK)
 11047 | Lair:1   | Killed RobertPalmer's ghost
 11047 | Lair:1   | Reached skill level 9 in Dodging
 11339 | Lair:1   | Got a crystal great sword
 11819 | Lair:1   | Received a gift from Okawaru
 11822 | Lair:1   | Got an ebony broad axe {god gift}
 11863 | Lair:1   | Noticed a six-headed hydra
 12065 | Lair:2   | Identified the +9 broad axe "Lotwaola" {vamp, rPois} (Okawaru gifted it to you on level 1 of the Lair of Beasts)
 12158 | Lair:2   | Reached skill level 11 in Armour
 12261 | Lair:2   | Reached skill level 11 in Shields
 12311 | Lair:2   | Reached skill level 11 in Axes
 12349 | Lair:2   | Noticed Harold
 12364 | Lair:2   | Killed Harold
 12364 | Lair:2   | Reached XP level 12. HP: 108/108 MP: 11/11
 12403 | Lair:2   | Reached skill level 11 in Fighting
 12653 | Lair:2   | Noticed Gastronok
 12671 | Lair:2   | Killed Gastronok
 12671 | Lair:2   | Reached skill level 10 in Dodging
 13419 | Lair:1   | Got a shimmering arbalest
 14158 | Lair:3   | Received a gift from Okawaru
 14241 | Lair:3   | Reached skill level 1 in Invocations
 14503 | Lair:4   | Reached skill level 12 in Armour
 14553 | Lair:4   | Found a staircase to the Shoals.
 14563 | Lair:4   | Reached skill level 2 in Invocations
 14578 | Lair:4   | Reached skill level 12 in Axes
 14587 | Lair:4   | Reached skill level 12 in Fighting
 14671 | Lair:4   | Reached skill level 3 in Invocations
 14917 | Lair:4   | Found a staircase to the Snake Pit.
 15113 | Lair:4   | Reached XP level 13. HP: 118/118 MP: 14/14
 15437 | Lair:5   | Got a shimmering dagger
 15532 | Lair:5   | Reached skill level 4 in Invocations
 15570 | Lair:5   | Got a steaming robe
 15832 | Lair:5   | Received a gift from Okawaru
 16085 | Lair:5   | Identified a scroll of acquirement
 16569 | Lair:5   | HP: 28/118 [acid (16)]
 16994 | Lair:6   | Reached skill level 12 in Shields
 17029 | Lair:6   | Found a staircase to the Slime Pits.
 17061 | Lair:6   | Reached skill level 11 in Dodging
 18826 | Orc:1    | Entered Level 1 of the Orcish Mines
 19274 | Orc:2    | Found Qutsenn's Weapon Shop.
 19349 | Orc:2    | Found a roughly hewn altar of Beogh.
 20568 | Orc:4    | Entered Level 4 of the Orcish Mines
 20714 | Orc:4    | Received a gift from Okawaru
 20722 | Orc:4    | Reached skill level 13 in Fighting
 20723 | Orc:4    | Reached skill level 13 in Armour
 20731 | Orc:4    | Reached skill level 13 in Axes
 20740 | Orc:4    | Got a faintly humming troll leather armour {god gift, regen}
 20964 | Orc:4    | Found a staircase to the Elven Halls.
 21093 | Orc:4    | Found Meigilea's Weapon Shop.
 21093 | Orc:4    | Found Sefrenid's Antique Weapon Shoppe.
 21094 | Orc:4    | Found Hioja's General Store.
 21094 | Orc:4    | Found Mustot's Distillery.
 21102 | Orc:4    | Bought a runed hand axe for 75 gold pieces
 21103 | Orc:4    | Bought a potion of heal wounds for 85 gold pieces
 21103 | Orc:4    | Bought a potion of heal wounds for 85 gold pieces
 21103 | Orc:4    | Bought a potion of berserk rage for 85 gold pieces
 21103 | Orc:4    | Bought a potion of might for 68 gold pieces
 21115 | Orc:4    | Bought a meat ration for 65 gold pieces
 21115 | Orc:4    | Bought a meat ration for 65 gold pieces
 21866 | Lair:7   | Reached XP level 14. HP: 129/129 MP: 14/16
 21923 | Lair:7   | Reached skill level 13 in Shields
 22338 | D:8      | Bought a +2 spear of flaming for 278 gold pieces
 22818 | D:9      | Killed a ten-headed hydra
 22818 | D:9      | Reached skill level 12 in Dodging
 23028 | Lair:7   | HP: 29/129 [elephant (12)]
 24462 | Lair:7   | Received a gift from Okawaru
 24763 | Lair:8   | Entered Level 8 of the Lair of Beasts
 24784 | Lair:8   | Noticed Snorg
 24797 | Lair:8   | Killed Snorg
 24834 | Lair:8   | Reached skill level 14 in Fighting
 24857 | Lair:8   | HP: 31/132 [blink frog (7)]
 25235 | Lair:8   | Reached skill level 14 in Axes
 25413 | Lair:8   | Reached skill level 14 in Armour
 25803 | Lair:8   | Noticed Nessos
 25841 | Lair:8   | Killed Nessos
 26644 | D:10     | Killed a four-headed hydra
 26644 | D:10     | Reached XP level 15. HP: 119/139 MP: 11/17
 26784 | D:10     | Killed Fannar
 27002 | D:11     | Reached skill level 14 in Shields
 27360 | D:11     | Received a gift from Okawaru
 27712 | D:11     | Reached skill level 13 in Dodging
 27890 | D:12     | Found a blossoming altar of Fedhas.
 28852 | D:13     | Cast into the Abyss (a wizard)
 28857 | Abyss:1  | Found a corrupted altar of Lugonu.
 28941 | Abyss:1  | Noticed a tentacled starspawn
 28953 | Abyss:1  | Reached skill level 15 in Fighting
 28974 | Abyss:1  | Killed a tentacled starspawn
 29045 | Abyss:1  | Noticed a tentacled starspawn
 29052 | Abyss:1  | Killed a tentacled starspawn
 29152 | Abyss:1  | Noticed a Hell Sentinel
 29163 | Abyss:1  | HP: 30/126 [Hell Sentinel/blast of hellfire (39)]
 29168 | Abyss:1  | HP: 28/126 [reaper/scythe of venom (14)]
 29655 | Abyss:1  | Noticed a tentacled starspawn
 29669 | Abyss:1  | Killed a tentacled starspawn
 29669 | Abyss:1  | Reached skill level 15 in Axes
 29703 | Abyss:1  | HP: 21/141 [large abomination (24)]
 29704 | Abyss:1  | HP: 4/141 [large abomination (17)]
 29706 | Abyss:1  | Slain by a large abomination

Vault maps used:
D:1:      minmay_arrival_nine_rooms
D:3:      lemuel_doored_altar, serial_park_tiny_2
D:4:      grunt_qazlal_clouds, led_sif_pool, nicolae_ru_awakened_eye,
          old_standard_altar
D:5:      kennysheep_big_flooded_room, kiku_gazebo_garden_becter, first_bread,
          st_stairs_8, uniq_edmund
D:6:      fiery_altar_vehumet, temple_fountains
D:7:      corexii_shack_village, kennysheep_mini, dk_yredelemnul_ordeal
D:8:      serial_shops, shop, nicolae_shop_crystal, kennysheep_mini_moat, shop,
          shop, enter_ossuary_4, the_bakery, tgw_trog, uniq_pikel, uniq_grum
D:9:      gammafunk_temple_overflow_claw, lair_0_dummy, erik_orc_3,
          grunt_ministairs_7, spider_trap
D:10:     uniq_fannar
D:11:     hangedman_cross_veins, minmay_pinched_square
D:12:     basic_altar, kennysheep_generic_room_5
D:13:     david_vaults_1, lightli_fourway_metalbox
Lair:1:   kennysheep_rathole, columned_hall_lemuel, lemuel_old_faithful,
          grunt_megastairs_4, uniq_nergalle
Lair:2:   serial_bayou_lagoon_b, uniq_gastronok, uniq_harold
Lair:3:   beast_lair_carwin_6
Lair:4:   elwin_shoals_entry_stream, dummy_snake_entry
Lair:6:   dpeg_oklob_gauntlet, nicolae_slime_entry_slimehenge
Lair:7:   mu_elephants_graveyard
Lair:8:   minmay_lair_end_frog_pond, serial_bayou, serial_bayou_pond_b,
          serial_bayou_shore_b, serial_bayou_shore_a, serial_bayou_shore_b,
          uniq_nessos, uniq_snorg
Orc:2:    basic_altar, serial_shops, shop
Orc:3:    nicolae_orc_accident_3, nicolae_orc_pool_cavern, mines5_lemuel
Orc:4:    st_orc_ogre_mass

Action                   |  1- 3 |  4- 6 |  7- 9 | 10-12 | 13-15 || total
-------------------------+-------+-------+-------+-------+-------++-------
Melee: War axe           |    84 |   195 |   258 |   291 |       ||   828
       Battleaxe         |       |       |    37 |   171 |   139 ||   347
       Broad axe         |       |       |       |   268 |  1142 ||  1410
       Spear             |       |       |       |       |   123 ||   123
Invok: Heroism           |       |       |     2 |    10 |    16 ||    28
       Finesse           |       |       |       |       |     7 ||     7
Evoke: Wand              |       |       |       |       |    12 ||    12
  Use: Potion            |       |     1 |     2 |     1 |     9 ||    13
       Scroll            |       |       |    16 |     5 |    19 ||    40
 Stab: Confused          |       |       |       |       |     1 ||     1
  Eat: Chunk             |     1 |     6 |     7 |    14 |    26 ||    54
       Beef jerky        |       |     1 |       |     1 |     4 ||     6
       Bread ration      |       |       |     1 |     1 |     5 ||     7
       Pizza             |       |       |       |     3 |     1 ||     4
       Fruit             |       |       |       |     4 |     6 ||    10
       Royal jelly       |       |       |       |     3 |       ||     3
       Meat ration       |       |       |       |       |     2 ||     2

Vault maps used:
D:1:      minmay_arrival_nine_rooms
D:3:      lemuel_doored_altar, serial_park_tiny_2
D:4:      grunt_qazlal_clouds, led_sif_pool, nicolae_ru_awakened_eye,
          old_standard_altar
D:5:      kennysheep_big_flooded_room, kiku_gazebo_garden_becter, first_bread,
          st_stairs_8, uniq_edmund
D:6:      fiery_altar_vehumet, temple_fountains
D:7:      corexii_shack_village, kennysheep_mini, dk_yredelemnul_ordeal
D:8:      serial_shops, shop, nicolae_shop_crystal, kennysheep_mini_moat, shop,
          shop, enter_ossuary_4, the_bakery, tgw_trog, uniq_pikel, uniq_grum
D:9:      gammafunk_temple_overflow_claw, lair_0_dummy, erik_orc_3,
          grunt_ministairs_7, spider_trap
D:10:     uniq_fannar
D:11:     hangedman_cross_veins, minmay_pinched_square
D:12:     basic_altar, kennysheep_generic_room_5
D:13:     david_vaults_1, lightli_fourway_metalbox
Lair:1:   kennysheep_rathole, columned_hall_lemuel, lemuel_old_faithful,
          grunt_megastairs_4, uniq_nergalle
Lair:2:   serial_bayou_lagoon_b, uniq_gastronok, uniq_harold
Lair:3:   beast_lair_carwin_6
Lair:4:   elwin_shoals_entry_stream, dummy_snake_entry
Lair:6:   dpeg_oklob_gauntlet, nicolae_slime_entry_slimehenge
Lair:7:   mu_elephants_graveyard
Lair:8:   minmay_lair_end_frog_pond, serial_bayou, serial_bayou_pond_b,
          serial_bayou_shore_b, serial_bayou_shore_a, serial_bayou_shore_b,
          uniq_nessos, uniq_snorg
Orc:2:    basic_altar, serial_shops, shop
Orc:3:    nicolae_orc_accident_3, nicolae_orc_pool_cavern, mines5_lemuel
Orc:4:    st_orc_ogre_mass

Table legend:
 A = Turns spent in this place as a percentage of turns spent in the entire game.
 B = Non-inter-level travel turns spent in this place as a percentage of non-inter-level travel turns spent in the entire game.
 C = Inter-level travel turns spent in this place as a percentage of turns spent in this place.
 D = Turns resting spent in this place as a percentage of non-inter-level travel turns spent in this place.
 E = Turns spent auto-exploring this place as a percentage of non-inter-level travel turns spent in this place.
 F = Non-inter-level travel turns spent in this place divided by the number of levels of this place that you've seen.
                   A       B       C       D       E      F
               +-------+-------+-------+-------+-------+----------------------
         Total | 100.0 | 100.0 |   0.4 |   1.2 |   6.6 | 410.8
       Dungeon |  45.8 |  45.8 |   0.4 |   1.2 |   8.2 | 376.1
          Lair |  38.5 |  38.4 |   0.5 |   1.5 |   4.8 | 513.4
  Orcish Mines |  10.9 |  10.9 |   0.4 |   0.0 |   8.0 | 290.8
         Abyss |   4.9 |   4.9 |   0.0 |   1.9 |   3.3 | 523.0
               +-------+-------+-------+-------+-------+----------------------

Table legend:
 A = Kills in this place as a percentage of kills in entire the game.
 B = Kills by you in this place as a percentage of kills by you in the entire game.
 C = Kills by friends in this place as a percentage of kills by friends in the entire game.
 D = Other kills in this place as a percentage of other kills in the entire game.
 E = Experience gained in this place as a percentage of experience gained in the entire game.
 F = Experience gained in this place divided by the number of levels of this place that you have seen.
                   A       B       C       D       E      F
               +-------+-------+-------+-------+-------+----------------------
         Total | 100.0 | 100.0 |  -nan | 100.0 | 100.0 | 5429.3
       Dungeon |  39.5 |  39.9 |  -nan |   0.0 |  21.5 | 2339.2
          Lair |  33.3 |  33.6 |  -nan |   0.0 |  53.0 | 9354.1
  Orcish Mines |  21.6 |  21.8 |  -nan |   0.0 |  10.2 | 3593.0
         Abyss |   5.6 |   4.7 |  -nan | 100.0 |  15.3 | 21547.0
               +-------+-------+-------+-------+-------+----------------------
